 Dungeon Crawl Stone Soup version 0.24.0-13-gcf9b319 (webtiles) character file.

Game seed: 1617286835453739879, levelgen mode: deterministic

660 Captinkiss the Magician (level 7, -4/42 HPs)
             Began as a Deep Elf Fire Elementalist on Feb 6, 2020.
             Was a Follower of Sif Muna.
             Slain by a hound (6 damage)
             ... on level 5 of the Dungeon.
             The game lasted 00:08:08 (4651 turns).

Captinkiss the Magician (DEFE)                      Turns: 4651, Time: 00:08:09

Health: -4/42      AC:  3    Str: 15    XL:     7   Next: 30%
Magic:  2/17       EV: 13    Int: 23    God:    Sif Muna [*.....]
Gold:   213        SH:  0    Dex: 17    Spells: 9/17 levels left

rFire    . . .     SeeInvis .   o - +3 dagger "Xolouco" {pain, *Corrode Str+6}
rCold    . . .     Gourm    +   (no shield)
rNeg     . . .     Faith    .   a - +0 robe
rPois    +         Spirit   .   (no helmet)
rElec    .         Reflect  .   k - scarf {repulsion}
rCorr    .         Harm     .   (no gloves)
MR       .....                  b - +0 pair of boots
Stlth    ++........             l - amulet of the gourmand
HPRegen  0.14/turn              d - ring of wizardry
MPRegen  0.15/turn              h - ring "Reoteh" {rPois Str+4 Int+3}

@: repel missiles
A: no striking features
a: Channel Magic, Renounce Religion


You were on level 5 of the Dungeon.
You worshipped Sif Muna.
Sif Muna was aware of your devotion.
You were not hungry.

You visited 1 branch of the dungeon, and saw 5 of its levels.

You collected 213 gold pieces.

Inventory:

Hand Weapons
 f - a +2 dagger of flaming
 o - the +3 dagger "Xolouco" (weapon) {pain, *Corrode Str+6}
   (You found it on level 5 of the Dungeon)

   In the hands of one skilled in necromantic magic, it inflicts extra damage on
   living creatures.
   It affects your strength (+6).
   It may corrode you when you take damage.
Missiles
 p - a throwing net (quivered)
Armour
 a - a +0 robe (worn)
 b - a +0 pair of boots (worn)
 k - a scarf of repulsion (worn)
Jewellery
 d - a ring of wizardry (left hand)
 h - the ring "Reoteh" (right hand) {rPois Str+4 Int+3}
   (You found it on level 4 of the Dungeon)

   [ring of intelligence]

   It affects your strength (+4).
   It affects your intelligence (+3).
   It protects you from poison.
 l - an amulet of the gourmand (around neck)
Wands
 m - a wand of random effects (19)
Scrolls
 e - 4 scrolls of identify
 i - a scroll of immolation
 j - 3 scrolls of enchant weapon
 n - a scroll of remove curse {unknown}
Potions
 g - a potion of lignification
Comestibles
 c - 7 rations
 q - 4 chunks of flesh


   Skills:
 * Level 3.7 Fighting
 - Level 3.0 Dodging
 - Level 2.4 Stealth
 + Level 5.5 Spellcasting
 + Level 3.8 Conjurations
 + Level 5.1 Fire Magic


You had 9 spell levels left.
You knew the following spells:

 Your Spells              Type           Power        Failure   Level  Hunger
a - Flame Tongue          Conj/Fire      ####.        1%          1    None
b - Conjure Flame         Conj/Fire      ####....     1%          3    ##.....
c - Sticky Flame          Conj/Fire      ####....     6%          4    ####...

Your spell library contained the following spells:

 Spells                   Type           Power        Failure   Level  Hunger
 Throw Flame              Conj/Fire      ####..       1%          2    None
 Inner Flame              Hex/Fire       ###.....     4%          3    ##.....
 Fireball                 Conj/Fire      ####......   16%         5    #####..


Dungeon Overview and Level Annotations

Branches:
Dungeon (5/15)             Temple (0/1) D:5

Altars:
Okawaru
Sif Muna
Wu Jian


Message History

* * * LOW HITPOINT WARNING * * *
The hound barely misses you. The gnoll barely misses you. The hound bites you.
* * * LOW HITPOINT WARNING * * *
Okay, then.
Casting: Sticky Flame (safe; 6% risk of failure)
Confirm with . or Enter, or press ? or * to list all spells.
Aiming: Sticky Flame (safe; 6% risk of failure)
Press: ? - help, Shift-Dir - straight line, f - hound
Aim: a hound The sticky flame hits the hound!
The hound is heavily wounded.
The hound is covered in liquid flames!
The hound burns!
The hound completely misses you. The hound bites you.
* * * LOW HITPOINT WARNING * * *
The gnoll barely misses you.
The hound burns!
Okay, then.
The hound burns!
The hound bites you.
You die...

####'###...#
#
#..P.P...#.#
#..........#
####...Y...#
###.#####
#g# #.# #h#
#@#
#.......#
####.....
.#.# .. .# .


You could see a sky beast, a hound (burning) and a gnoll.

Vanquished Creatures
  A phantom (D:4)
  An ogre (D:5)
  A scorpion (D:5)
  A howler monkey (D:5)
  3 orc priests (D:3)
  Terence (D:2)
  3 iguanas
  2 worker ants
  A killer bee zombie (D:5)
  A hound skeleton (D:4)
  5 adders
  2 oozes (D:1)
  An adder skeleton (D:4)
  3 worms
  A dart slug (D:1)
  A leopard gecko (D:5)
  5 orcs
  9 goblins
  6 hobgoblins
  3 quokkas
  7 bats
  5 frilled lizards
  4 kobolds (D:1)
  A leopard gecko skeleton (D:5)
  4 rats
72 creatures vanquished.

Notes
Turn   | Place    | Note
-------+----------+-------------------------------------------
     0 | D:1      | Captinkiss the Deep Elf Fire Elementalist began the quest
                  | for the Orb.
     0 | D:1      | Reached XP level 1. HP: 10/10 MP: 6/6
   337 | D:1      | Reached XP level 2. HP: 15/15 MP: 5/8
   940 | D:1      | Reached XP level 3. HP: 17/20 MP: 6/9
  1468 | D:2      | Reached skill level 1 in Fighting
  1498 | D:2      | Found a shimmering blue altar of Sif Muna.
  1543 | D:2      | Became a worshipper of Sif Muna the Loreminder
  1922 | D:2      | Noticed Terence
  1928 | D:2      | Learned a level 3 spell: Conjure Flame
  1948 | D:2      | Killed Terence
  1948 | D:2      | Reached XP level 4. HP: 25/25 MP: 0/11
  2740 | D:3      | Reached XP level 5. HP: 28/30 MP: 8/13
  2987 | D:3      | Learned a level 4 spell: Sticky Flame
  3451 | D:4      | Found an iron altar of Okawaru.
  3529 | D:4      | Got a smoking glass ring
  3530 | D:4      | Identified the ring "Reoteh" {rPois Str+4 Int+3} (You found
                  | it on level 4 of the Dungeon)
  3600 | D:4      | Noticed a phantom
  3613 | D:4      | Killed a phantom
  3613 | D:4      | Reached XP level 6. HP: 31/36 MP: 4/15
  3761 | D:4      | Found an ornate altar of the Wu Jian Council.
  3863 | D:5      | Entered Level 5 of the Dungeon
  3898 | D:5      | Reached skill level 5 in Spellcasting
  3947 | D:5      | Reached * piety under Sif Muna
  3959 | D:5      | Got an ichor-stained dagger
  3960 | D:5      | Identified the +3 dagger "Xolouco" {pain, *Corrode Str+6}
                  | (You found it on level 5 of the Dungeon)
  4476 | D:5      | Reached XP level 7. HP: 41/41 MP: 7/17
  4544 | D:5      | Found a staircase to the Ecumenical Temple.
  4550 | D:5      | Reached skill level 5 in Fire Magic
  4649 | D:5      | HP: 2/42 [hound (6)]
  4651 | D:5      | Slain by a hound

Levels and vault maps discovered:
D:1:      erik_arrival_gehennom, layout_basic, st_stairs_6
D:2:      layout_basic, lemuel_blue_sif_altar, uniq_terence
D:3:      layout_basic
D:4:      layout_cave_pools, lemuel_doored_altar, lemuel_coloured_pillars_altar,
          first_ration
D:5:      layout_loops_cross, minmay_temple_entry_butterflies,
          cheibrodos_gnoll_hut

Skill      XL: |  1  2  3  4  5  6  7 |
---------------+----------------------+-----
Dodging        | 3 |  3.0
Fighting       | 1 2 3 |  3.7
Conjurations   | 2 3 |  3.8
Spellcasting   | 4 5 |  5.5
Fire Magic     | 4 5 |  5.1
Stealth        | |  2.4

Action                   |  1- 3 |  4- 6 |  7- 9 || total
-------------------------+-------+-------+-------++-------
Melee: Unarmed           |     3 |       |       ||     3
       Dagger            |     6 |    85 |       ||    91
Throw: Throwing net      |       |     6 |       ||     6
 Cast: Flame Tongue      |    56 |    96 |    18 ||   170
       Conjure Flame     |     1 |     2 |       ||     3
       Sticky Flame      |       |     1 |     2 ||     3
  Use: Scroll            |       |     4 |       ||     4
 Stab: Sleeping          |     1 |     1 |       ||     2
       Held in net/web   |       |     1 |       ||     1
  Eat: Chunk             |     3 |     7 |     4 ||    14
Armor: Robe              |     5 |    26 |     2 ||    33
Dodge: Dodged            |    23 |    69 |     7 ||    99
